 Dungeon Crawl Stone Soup version 0.30.0-18-gc0e69614cb (webtiles) character file.

Game seed: 15279246746183306935

123 olmar the Insei (level 5, -1/40 HPs)
             Began as a Gnoll Transmuter on May 25, 2023.
             Killed from afar by an orc wizard (9 damage)
             ... with a magic dart
             ... on level 4 of the Dungeon.
             The game lasted 00:05:25 (2693 turns).

olmar the Insei (Gnoll Transmuter)                  Turns: 2693, Time: 00:05:26

Health: -1/40      AC:  3    Str: 18    XL:     5   Next: 7%
Magic:  9/12       EV: 13    Int: 12    God:
Gold:   156        SH:  0    Dex: 12    Spells: 11/14 levels left

rFire   . .          .
                       - Unarmed
rCold   . . .        (no shield)
rNeg    . . .        a - +1 robe
rPois   .            (helmet currently unavailable)
rElec   .            (no cloak)
rCorr   .            (no gloves)
SInv    .            (boots currently unavailable)
Will    +....        (no amulet)
Stlth   ++           g - +6 ring of strength
HPRegen 0.26/turn    i - ring of willpower
MPRegen 0.13/turn

%: no passive effects
@: appendages, wereblooded
A: horns 2, talons 2, fangs 1, strong nose, distributed training
a: End Transformation


You were on level 4 of the Dungeon.
You had temporarily grown beastly horns and talons.
You visited 1 branch of the dungeon, and saw 4 of its levels.

You collected 156 gold pieces.

Inventory:

Hand Weapons
 c - a +0 spear
Missiles
 t - 5 poisoned darts
Armour
 a - a +1 robe (worn)
Jewellery
 g - a +6 ring of strength (left hand)
 i - a ring of willpower (right hand)
Wands
 k - a wand of roots (6)
Scrolls
 e - a scroll of blinking
 f - a scroll of teleportation {unknown}
 h - a scroll of brand weapon {unknown}
 j - a scroll of enchant armour
 l - a scroll of vulnerability {unknown}
 n - a scroll of identify {unknown}
 o - a scroll of poison {unknown}
 s - a scroll of immolation {unknown}
Potions
 b - 2 potions of lignification
 d - 2 potions of mutation {unknown}
 m - a potion of brilliance {unknown}
 p - a potion of attraction {unknown}
 q - a potion of resistance {unknown}
 r - a potion of curing {unknown}


   Skills:
 + Level 2.9 Fighting
 + Level 1.4 Short Blades
 + Level 1.4 Long Blades
 + Level 1.4 Axes
 + Level 1.4 Maces & Flails
 + Level 1.4 Polearms
 + Level 1.4 Staves
 + Level 1.4 Ranged Weapons
 + Level 1.4 Throwing
 + Level 1.4 Armour
 + Level 4.7 Dodging
 + Level 1.4 Stealth
 + Level 1.4 Shields
 + Level 6.6 Unarmed Combat
 + Level 5.1 Spellcasting
 + Level 1.1 Conjurations
 + Level 1.1 Hexes
 + Level 1.1 Summonings
 + Level 1.1 Necromancy
 + Level 1.1 Translocations
 + Level 3.9 Transmutations
 + Level 1.1 Fire Magic
 + Level 1.1 Ice Magic
 + Level 1.1 Air Magic
 + Level 1.1 Earth Magic
 + Level 1.1 Poison Magic
 + Level 1.5 Invocations
 + Level 1.4 Evocations


You had 11 spell levels left.
You knew the following spells:

 Your Spells              Type           Power      Damage    Failure   Level
a - Beastly Appendage     Tmut           24%        N/A       3%          1
b - Wereblood             Tmut           12%        N/A       6%          2

Your spell library contained the following spells:

 Spells                   Type           Power      Damage    Failure   Level
 Slow                     Hex            20%        N/A       12%         1
 Spider Form              Tmut/Pois      9%         N/A       21%         3
 Confusing Touch          Hex            5%         N/A       36%         3
 Vampiric Draining        Necr           5%         2d6       36%         3
 Ice Form                 Ice/Tmut       9%         N/A       56%         4


Dungeon Overview and Level Annotations

Branches:
Dungeon (4/15)
 Temple: D:4-7

Altars:

Annotations:
D:4 Blork the orc


Innate Abilities, Weirdness & Mutations

You have temporarily grown beastly horns and talons.
You have very sharp teeth.
Your uncanny sense of smell can sniff out nearby items.
Your experience applies equally to all skills.


Message History

An orc wizard is nearby!
Unknown command.
You closely miss the orc wizard.
The orc wizard gestures wildly while chanting.
The orc wizard flickers and vanishes!
Deactivating autopickup; reactivate with Ctrl-A.
You punch something! Your punch misses something. Your bite misses something.
Something hits you. The orc wizard casts a spell at you.
The magic dart hits you.
You hit something but do no damage.
Unknown command.
Casting: Beastly Appendage (safe; 3% risk of failure)
Confirm with . or Enter, or press ? or * to list all spells.
Your blood is infused with primal strength.
Something hits you but does no damage.
Unknown command.
Casting: Wereblood (safe; 6% risk of failure)
Confirm with . or Enter, or press ? or * to list all spells.
You grow a pair of large bovine horns.
Your feet morph into talons.
You hear some strange, mumbled words.
A magic dart appears from out of thin air!
The magic dart hits you.
Unknown command.
You miss something. Your headbutt misses something. Something hits you.
You completely miss the orc wizard. You claw the orc wizard!
The orc wizard is heavily wounded.
Something barely misses you.
The orc wizard mumbles some strange words.
The orc wizard flickers and vanishes!
Unknown command.
You hit something. Your kick misses something.
You hear some strange, mumbled words.
A puff of flame appears from out of thin air!
The puff of flame hits you.
* * * LOW HITPOINT WARNING * * *
You hear some strange, mumbled words.
A magic dart appears from out of thin air!
The magic dart hits you!
You die...

.......# ### ##.#
...##..## ##
##...##.......##.#
...##........#..
....#...........
#...........#
##...........#
#.#.{).........#
#..{@#....#..### ####
#.####......).####.>#
... #............#...
... #...#....†)†......
..#
......#.............
..
.....................
#....................
.....
##.................##
..(.#
..............$$....##


There were no monsters in sight!

Vanquished Creatures
  Terence (D:2)
  4 gnolls
  A dart slug (D:3)
  3 orcs (D:3)
  6 endoplasms
  2 giant cockroaches
  11 hobgoblins
  A quokka (D:2)
  2 ball pythons (D:2)
  7 bats
  A frilled lizard (D:1)
  8 goblins
  6 kobolds
  7 rats
60 creatures vanquished.

Notes
Turn   | Place    | Note
-------+----------+-------------------------------------------
     0 | D:1      | olmar the Gnoll Transmuter began the quest for the Orb.
     0 | D:1      | Reached XP level 1. HP: 17/17 MP: 6/6
   119 | D:1      | Reached XP level 2. HP: 6/23 MP: 5/7
   215 | D:1      | Learned a level 2 spell: Wereblood
   362 | D:1      | Reached skill level 5 in Spellcasting
   362 | D:1      | Reached XP level 3. HP: 20/28 MP: 7/9
  1037 | D:2      | Reached skill level 1 in Invocations
  1342 | D:2      | Noticed Terence
  1350 | D:2      | Reached skill level 1 in Short Blades
  1350 | D:2      | Reached skill level 1 in Long Blades
  1350 | D:2      | Reached skill level 1 in Axes
  1350 | D:2      | Reached skill level 1 in Maces & Flails
  1350 | D:2      | Reached skill level 1 in Polearms
  1350 | D:2      | Reached skill level 1 in Staves
  1350 | D:2      | Reached skill level 1 in Ranged Weapons
  1350 | D:2      | Reached skill level 1 in Throwing
  1350 | D:2      | Reached skill level 1 in Armour
  1350 | D:2      | Reached skill level 1 in Stealth
  1350 | D:2      | Reached skill level 1 in Shields
  1350 | D:2      | Reached skill level 1 in Evocations
  1354 | D:2      | Killed Terence
  1355 | D:2      | Reached XP level 4. HP: 15/34 MP: 8/11
  1605 | D:3      | Reached skill level 1 in Conjurations
  1605 | D:3      | Reached skill level 1 in Hexes
  1605 | D:3      | Reached skill level 1 in Summonings
  1605 | D:3      | Reached skill level 1 in Necromancy
  1605 | D:3      | Reached skill level 1 in Translocations
  1605 | D:3      | Reached skill level 1 in Fire Magic
  1605 | D:3      | Reached skill level 1 in Ice Magic
  1605 | D:3      | Reached skill level 1 in Air Magic
  1605 | D:3      | Reached skill level 1 in Earth Magic
  1605 | D:3      | Reached skill level 1 in Poison Magic
  2516 | D:4      | Noticed Blork the orc
  2659 | D:4      | Reached XP level 5. HP: 32/40 MP: 8/12
  2693 | D:4      | Killed from afar by an orc wizard

Illustrated notes

Levels and vault maps discovered:
D:1:      dpeg_arrival_line_fractal, layout_rooms, kennysheep_nondescript,
          minmay_misc_feat_room
D:2:      layout_basic, kennysheep_crisscross, uniq_terence
D:3:      layout_basic
D:4:      layout_cave_pools, uniq_blork_the_orc

Skill      XL: |  1  2  3  4 |
---------------+-------------+-----
Spellcasting   | 5 |  5.1
Invocations    | 1 |  1.5
Short Blades   | 1 |  1.4
Long Blades    | 1 |  1.4
Axes           | 1 |  1.4
Maces & Flails | 1 |  1.4
Polearms       | 1 |  1.4
Staves         | 1 |  1.4
Ranged Weapons | 1 |  1.4
Throwing       | 1 |  1.4
Armour         | 1 |  1.4
Stealth        | 1 |  1.4
Shields        | 1 |  1.4
Evocations     | 1 |  1.4
Conjurations   | 1 |  1.1
Hexes          | 1 |  1.1
Summonings     | 1 |  1.1
Necromancy     | 1 |  1.1
Translocations | 1 |  1.1
Fire Magic     | 1 |  1.1
Ice Magic      | 1 |  1.1
Air Magic      | 1 |  1.1
Earth Magic    | 1 |  1.1
Poison Magic   | 1 |  1.1
Fighting       | |  2.9
Dodging        | |  4.7
Unarmed Combat | |  6.6
Transmutations | |  3.9

Action                     |  1- 3 |  4- 6 || total
---------------------------+-------+-------++-------
  Melee: Unarmed           |    94 |    61 ||   155
         Kick              |     9 |     5 ||    14
         Headbutt          |     7 |     2 ||     9
         Bite              |     2 |     2 ||     4
         Punch             |     1 |     1 ||     2
   Cast: Beastly Appendage |    13 |     5 ||    18
         Wereblood         |     9 |     7 ||    16
    Use: Scroll            |       |     2 ||     2
   Stab: Sleeping          |     2 |     2 ||     4
 Armour: Robe              |    13 |    10 ||    23
  Dodge: Dodged            |    74 |    37 ||   111
